 Dungeon Crawl Stone Soup version 0.30-a0-711-gf4ac18a38d (webtiles) character file.

Game seed: 13580116970051385190

1400 Tocho the Spear-Bearer (level 8, 0/57 HPs)
             Began as a Merfolk Gladiator on Jan 23, 2023.
             Was an Initiate of Okawaru.
             Slain by a two-headed ogre
             ... wielding a +0 giant spiked club
              (23 damage)
             ... on level 6 of the Dungeon.
             The game lasted 00:22:30 (6063 turns).

Tocho the Spear-Bearer (Merfolk Gladiator)          Turns: 6063, Time: 00:22:31

Health: 0/57       AC:  5    Str: 15    XL:     8   Next: 69%
Magic:  13/13      EV: 13    Int:  9    God:    Okawaru [......]
Gold:   451        SH:  0    Dex: 15    Spells: 7/14 levels left

rFire   . . .      SeeInvis +    d - +5 scythe (freeze)
rCold   . . .      Faith    .    (shield currently unavailable)
rNeg    . . .      Spirit   .    b - +0 leather armour
rPois   .          Reflect  .    c - +1 helmet
rElec   .          Harm     .    (no cloak)
rCorr   .          Rampage  .    (no gloves)
Will    .....                    (no boots)
Stlth   +                        (no amulet)
HPRegen 0.29/turn                g - ring of see invisible
MPRegen 0.13/turn                (no ring)

@: no status effects
A: (nimble swimmer 2), mertail
a: Renounce Religion


You were on level 6 of the Dungeon.
You worshipped Okawaru.
Okawaru was noncommittal.
You visited 2 branches of the dungeon, and saw 7 of its levels.
You also visited: Ossuary.

You collected 451 gold pieces.

Inventory:

Hand Weapons
 a - a +0 trident
 d - a +5 scythe of freezing (weapon)
Missiles
 e - 4 javelins
 m - 6 poisoned darts (quivered)
 o - 2 throwing nets
 E - 5 curare-tipped darts
Armour
 b - a +0 leather armour (worn)
 c - a +1 helmet (worn)
Jewellery
 g - a ring of see invisible (left hand)
Wands
 w - a wand of roots (8)
 D - a wand of acid (11)
 F - a wand of mindburst (19)
Scrolls
 k - 6 scrolls of magic mapping
 l - 7 scrolls of teleportation
 r - a scroll of fear
 u - a scroll of enchant armour
 v - 2 scrolls of blinking
 x - a scroll of vulnerability
 y - 2 scrolls of noise
 A - a scroll of amnesia
Potions
 f - 3 potions of flight
 h - 2 potions of might
 j - 2 potions of mutation
 n - 13 potions of degeneration
 p - a potion of lignification {unknown}
 q - 2 potions of cancellation
 s - a potion of brilliance {unknown}
 t - a potion of haste {unknown}
 z - 2 potions of berserk rage {unknown}
 B - a potion of attraction {unknown}
 C - a potion of heal wounds {unknown}
 G - a potion of ambrosia {unknown}


   Skills:
 - Level 2.3 Fighting
 * Level 11.6 Polearms
 + Level 2.2 Throwing
 - Level 0.2 Armour
 - Level 4.2 Dodging
 - Level 0.2 Stealth
 * Level 3.6 Spellcasting
 * Level 3.0 Conjurations


You had 7 spell levels left.
You knew the following spells:

 Your Spells              Type           Power      Damage    Failure   Level
a - Magic Dart            Conj           28%        1d4       10%         1
b - Searing Ray           Conj           14%        2d5       16%         2
c - Momentum Strike       Conj/Tloc      8%         3d8       28%         2
d - Static Discharge      Conj/Air       8%         2-3/arc   28%         2

Your spell library contained the following spells:

 Spells                   Type           Power      Damage    Failure   Level
 Blink                    Tloc           2%         N/A       47%         2
 Lesser Beckoning         Tloc           2%         N/A       47%         2
 Ignite Poison            Fire/Tmut/Pois 1%         N/A       71%         3
 Kindle Blastsparks       Fire/Tloc/Air  2%         2d10      71%         3
 Vhi's Electric Charge    Tloc/Air       2%         N/A       71%         3
 Fulminant Prism          Conj/Hex       2%         3d5       88%         4
 Arcjolt                  Conj/Air       2%         1d12      99%         5
 Freezing Cloud           Conj/Ice/Air   1%         6-21      99%         5
 Lightning Bolt           Conj/Air       2%         1d13      99%         5


Dungeon Overview and Level Annotations

Branches:
Dungeon (6/15)             Temple (1/1) D:5         Ossuary (visited)

Altars:
Ashenzari
Cheibriados
Dithmenos
Fedhas
Gozag
Kikubaaqudgha
Nemelex Xobeh
Okawaru
Qazlal
Ru
Sif Muna
Trog
Vehumet
Wu Jian
Xom
Zin
The Shining One


Innate Abilities, Weirdness & Mutations

((You are very nimble when in or above water. (Stealth+, EV+, Speed+++)))
Your lower body shifts to a powerful aquatic tail in water.


Message History

You open the door.
There is an open door here.
Found a sling.
You see here a +0 sling.
You now have 451 gold pieces (gained 6).
A two-headed ogre comes into view.
It is wielding a +0 giant spiked club and a +0 giant club.
Okay, then.
Throw: 10 darts (poison)
Press: ? - help, Q - select action, (/) - cycle Shift-Dir - straight line, f - two-headed ogre
Aim: a two-headed ogre, wielding a +0 giant spiked club and a +0 giant club (wandering, hasn't noticed you, 75% to hit)
You throw a poisoned dart.
The poisoned dart hits the two-headed ogre.
The two-headed ogre is poisoned.
Throw: 9 darts (poison)
Press: ? - help, Q - select action, (/) - cycle Shift-Dir - straight line, f/p - two-headed ogre
Aim: a two-headed ogre, wielding a +0 giant spiked club and a +0 giant club (lightly wounded, poisoned, 75% to hit)
You throw a poisoned dart.
The poisoned dart hits the two-headed ogre.
The two-headed ogre looks even sicker.
The two-headed ogre is lightly wounded.
Throw: 8 darts (poison)
Press: ? - help, Q - select action, (/) - cycle Shift-Dir - straight line, f/p - two-headed ogre
Aim: a two-headed ogre, wielding a +0 giant spiked club and a +0 giant club (lightly wounded, very poisoned, 75% to hit)
You throw a poisoned dart.
The poisoned dart hits the two-headed ogre.
The two-headed ogre looks even sicker.
The two-headed ogre is lightly wounded.
Throw: 7 darts (poison)
Press: ? - help, Q - select action, (/) - cycle Shift-Dir - straight line, f/p - two-headed ogre
Aim: a two-headed ogre, wielding a +0 giant spiked club and a +0 giant club (lightly wounded, very poisoned, 75% to hit)
You throw a poisoned dart.
The poisoned dart hits the two-headed ogre.
The two-headed ogre looks as sick as possible!
The two-headed ogre is lightly wounded.
You see here a +0 sling.
The two-headed ogre hits you with a +0 giant spiked club!!
The two-headed ogre completely misses you.
The two-headed ogre hits you with a +0 giant spiked club!
The two-headed ogre hits you with a +0 giant club!!
You die...

# #. #.#
#.##.########.#####
................<.#
##......###.#####
.#.####.##...⌠..###)#
.(......##........#.#
#(.....##........#)#
#.(....##.........).
#.(....####@........
#......##.O.....<.#.#
#......##.#.......#.#
#..)........#######
#########.#.# ...#.#
#####.# #.. ...


You could see a two-headed ogre (very poisoned).

Vanquished Creatures
  Sigmund (D:2)
  A water moccasin (D:5)
  2 ogres (D:5)
  A phantom (D:4)
  2 centaur zombies (Ossuary)
  2 jellies
  2 human zombies (Ossuary)
  A hound (D:5)
  2 orc priests (D:4)
  A gnoll bouda (D:5)
  5 iguanas
  2 orc wizards
  4 mummies (Ossuary)
  19 gnolls
  9 adders
  3 ufetubi
  4 dart slugs
  A worm (D:2)
  7 orcs
  4 ball pythons
  3 endoplasms
  4 giant cockroaches
  13 goblins
  5 hobgoblins
  2 jackals (D:5)
  6 quokkas
  A bat (D:2)
  4 frilled lizards
  A hobgoblin zombie (Ossuary)
  4 kobolds
  2 kobold zombies (Ossuary)
  An orc zombie (Ossuary)
  8 rats
  2 rat zombies (D:5)
129 creatures vanquished.

Notes
Turn   | Place    | Note
-------+----------+-------------------------------------------
     0 | D:1      | Tocho the Merfolk Gladiator began the quest for the Orb.
     0 | D:1      | Reached XP level 1. HP: 16/16 MP: 1/1
   162 | D:1      | Reached XP level 2. HP: 18/23 MP: 2/2
   506 | D:1      | Learned a level 1 spell: Magic Dart
   740 | D:2      | Reached XP level 3. HP: 28/28 MP: 3/3
   852 | D:2      | Reached skill level 5 in Polearms
   984 | D:2      | Found a faded altar of an unknown god.
  1147 | D:2      | Noticed Sigmund
  1163 | D:2      | Killed Sigmund
  1164 | D:2      | Reached skill level 6 in Polearms
  1164 | D:2      | Reached skill level 1 in Spellcasting
  1164 | D:2      | Reached skill level 1 in Conjurations
  1164 | D:2      | Reached XP level 4. HP: 8/34 MP: 3/6
  1164 | D:2      | Reached XP level 5. HP: 10/39 MP: 3/7
  1338 | D:2      | Reached skill level 7 in Polearms
  1748 | D:2      | Learned a level 2 spell: Searing Ray
  1882 | D:3      | Reached XP level 6. HP: 45/45 MP: 2/8
  2433 | D:4      | Found an ornate altar of the Wu Jian Council.
  2788 | D:4      | Reached skill level 8 in Polearms
  2816 | D:4      | Found an opulent altar of Gozag.
  2931 | D:4      | Reached XP level 7. HP: 45/51 MP: 6/10
  3617 | D:4      | Reached skill level 9 in Polearms
  4005 | D:5      | Entered Level 5 of the Dungeon
  4021 | D:5      | Found a shadowy altar of Dithmenos.
  4252 | D:5      | Reached XP level 8. HP: 54/57 MP: 10/12
  4291 | D:5      | Found a sand-covered staircase.
  4299 | D:5      | Reached skill level 10 in Polearms
  4310 | Ossuary  | Entered an ossuary
  4735 | D:5      | Found a radiant altar of Vehumet.
  4828 | D:5      | Reached skill level 11 in Polearms
  5000 | D:5      | Learned a level 2 spell: Momentum Strike
  5003 | D:5      | Learned a level 2 spell: Static Discharge
  5034 | D:5      | Found a shimmering altar of Xom.
  5050 | D:5      | Found a stormy altar of Qazlal.
  5221 | D:5      | Found a staircase to the Ecumenical Temple.
  5323 | Temple   | Entered the Ecumenical Temple
  5461 | Temple   | Became a worshipper of Warmaster Okawaru
  6048 | D:6      | Noticed a two-headed ogre
  6063 | D:6      | Slain by a two-headed ogre

Illustrated notes

Levels and vault maps discovered:
D:1:      minmay_arrival_diagonal_passages, layout_rooms
D:2:      minmay_diamond_boxcup, layout_basic, chequers_ecumenical_altar_simple,
          uniq_sigmund
D:3:      layout_rooms, hangedman_decor_clover_reticule
D:4:      layout_cave_pools, nicolae_gozag_cash_rules_everything_around_me,
          amcnicky_altar_gilded, kennysheep_orc_chapel
D:5:      layout_layer_cave, mainiacjoe_overflow_tiny_flanked,
          nicolae_dithmenos_the_darkroom, kennysheep_little_box,
          nicolae_vehumet_radiance, temple_fountains, enter_ossuary_4,
          serial_rivers, chequers_serial_rivers_micro_a,
          chequers_serial_rivers_micro_a, chequers_serial_rivers_micro_a,
          chequers_serial_rivers_large_a, chequers_serial_rivers_micro_c,
          chequers_serial_rivers_marsh, kennysheep_minor_cross
D:6:      layout_basic, demons_altar, lemuel_mausoleum_altar_yredelemnul,
          dreamdust_wishing_well
Temple:   nicolae_temple_bog_church

Skill      XL: |  1  2  3  4  5  6  7  8 |
---------------+-------------------------+-----
Polearms       | 6 7 8 9 11 | 11.6
Spellcasting   | 1 2 3 |  3.6
Conjurations   | 1 2 3 |  3.0
Fighting       | |  2.3
Throwing       | |  2.2
Armour         | |  0.2
Dodging        | |  4.2
Stealth        | |  0.2

Action                     |  1- 3 |  4- 6 |  7- 9 || total
---------------------------+-------+-------+-------++-------
  Melee: Trident           |    90 |     1 |       ||    91
         Halberd           |       |    77 |   150 ||   227
  Throw: Throwing net      |     3 |       |       ||     3
         Dart              |       |       |     4 ||     4
   Cast: Magic Dart        |       |    50 |    33 ||    83
         Searing Ray       |       |       |     6 ||     6
    Use: Scroll            |     3 |     2 |    13 ||    18
   Stab: Sleeping          |     2 |       |       ||     2
         Held in net/web   |     2 |       |       ||     2
 Armour: Leather armour    |    12 |     7 |    24 ||    43
  Dodge: Dodged            |    33 |    31 |    74 ||   138

Table legend: (Time is in decaauts)
 A = Elapsed time spent in this place.
 B = Non-inter-level travel time spent in this place.
 C = Inter-level travel time spent in this place.
 D = Time resting spent in this place.
 E = Time spent auto-exploring this place.
 F = Levels seen in this place.
 G = Mean time per level.
                   A        B        C        D        E       F      G
               +--------+--------+--------+--------+--------+-----+--------+
         Total |   6031 |   5735 |    296 |    637 |   4117 |   8 |  753.9 |
       Dungeon |   5531 |   5257 |    274 |    637 |   3808 |   6 |  921.8 |
        Temple |    125 |    103 |     22 |      0 |     94 |   1 |  125.0 |
       Ossuary |    373 |    373 |      0 |      0 |    214 |   1 |  373.0 |
               +--------+--------+--------+--------+--------+-----+--------+

Top non-repeatable levels by time:
     D:4: 1579 daAuts
     D:5: 1402 daAuts
     D:2: 1224 daAuts
     D:3: 640 daAuts
     D:1: 576 daAuts
 Ossuary: 373 daAuts
  Temple: 125 daAuts
     D:6: 107 daAuts
